 Dungeon Crawl Stone Soup version 0.19-a0-994-g3c636f0 (console) character file.

72 FIQ the Shooter (level 4, -1/38 HPs)
             Began as a Centaur Hunter on July 15, 2016.
             Slain by an adder (2 damage)
             ... on level 2 of the Dungeon on July 16, 2016.
             The game lasted 00:05:34 (2650 turns).

FIQ the Shooter (Centaur Hunter)                    Turns: 2650, Time: 00:05:35

Health: -1/38      AC:  6    Str: 13 (14) XL:     4   Next: 7%
Magic:  4/4        EV:  9    Int:  8 (10) God:
Gold:   116        SH:  0    Dex:  9 (11) Spells: 0 memorised, 3 levels left

rFire  + . .     SeeInvis .     i - -1 short sword (curse)
rCold  . . .     Gourm    .     c - +0 leather armour
rNeg   . . .     Faith    .     (no shield)
rPois  .         Spirit   .     (no helmet)
rElec  .         Dismiss  .     (no cloak)
rCorr  .         Reflect  .     (no gloves)
SustAt .         Harm     .     (no barding)
MR     .....                    o - amulet of inaccuracy (curse)
Stlth  +.........               j - ring of protection from fire
                                g - +2 ring of protection

@: lethally poisoned (-1 -> -4), very quick, not resistant to hostile
enchantments, very unstealthy
A: hooves 3, deformed body, speed 2, tough skin 3
a: no special abilities


You were on level 2 of the Dungeon.
You were hungry.

You visited 1 branch of the dungeon, and saw 3 of its levels.

You collected 116 gold pieces.

Inventory:

Hand Weapons
 a - a +1 shortbow
 b - a +0 short sword
 i - a cursed -1 short sword (weapon)
Missiles
 d - 54 arrows
Armour
 c - a +0 leather armour (worn)
Jewellery
 g - a +2 ring of protection (left hand)
 j - a ring of protection from fire (right hand)
 o - a cursed amulet of inaccuracy (around neck)
Scrolls
 e - a scroll of identify
Potions
 h - a potion of cancellation
Comestibles
 f - a bread ration
 k - 2 meat rations
 l - 3 fruits
 n - 2 beef jerkies


   Skills:
 + Level 3.0 Fighting
 + Level 5.9 Bows
 - Level 0.1 Armour
 + Level 2.2 Dodging
 - Level 0.5 Stealth


You had 3 spell levels left.
You didn't know any spells.

Dungeon Overview and Level Annotations

Branches:
Dungeon (3/15)

Altars:
Dithmenos


Innate Abilities, Weirdness & Mutations

You have hooves in place of feet.
Armour fits poorly on your strangely shaped body.
You cover ground very quickly.
You have extremely tough skin. (AC +3)


Message History

The adder poisons you!
The jackal bites you but does no damage.
The adder bites you.
* * * LOW HITPOINT WARNING * * *
You closely miss the adder.
The adder is severely wounded.
You feel sick.
The jackal bites you but does no damage.
The adder bites you.
* * * LOW HITPOINT WARNING * * *
You closely miss the adder.
The adder is severely wounded.
The jackal bites you but does no damage.
The adder bites you but does no damage. The jackal bites you.
* * * LOW HITPOINT WARNING * * *
You miss the adder.
The adder is severely wounded.
* * * LOW HITPOINT WARNING * * *
You feel sick. The adder bites you.
You die...

.# ##############.# ###.##.# .#
#...........##.# #.##.# .#
#.###..........# #.##(#
.########.###.##..#.#### #.##.#
...............#..#.########.##.#
#########.###..#..#.#...........#
#.>.......#....#.######.####
#.##.####.#S#..#.# #.# #.##.#
#.#@#..#.# #.# #.##.# #.#h#..#.#
#.# #.##.# #.#.#..#.# #.#
#.##.####.#.#..#.# #.# #
#.##.............# #.#### #
##.#####.#####.#### #....# # #..#
#.# #.# ####.# # #.######.#####.#
#.# # #.# #.......##.# #.#


You could see an adder and a jackal.

Vanquished Creatures
  An adder (D:2)
  2 oozes (D:2)
  3 dart slugs
  3 giant geckos
  A giant cockroach (D:1)
  6 goblins
  9 hobgoblins
  5 kobolds
  6 bats
  3 giant newts
  4 rats
43 creatures vanquished.

Notes
Turn   | Place    | Note
-------+----------+-------------------------------------------
     0 | D:1      | FIQ the Centaur Hunter began the quest for the Orb.
     0 | D:1      | Reached XP level 1. HP: 17/17 MP: 1/1
   467 | D:1      | Reached XP level 2. HP: 19/24 MP: 2/2
  1097 | D:2      | Reached XP level 3. HP: 25/30 MP: 3/3
  2015 | D:2      | Found a shadowy altar of Dithmenos.
  2045 | D:2      | Reached XP level 4. HP: 21/38 MP: 4/4
  2650 | D:2      | HP: 1/38 [poisoned by an adder]
  2650 | D:2      | Slain by an adder

Vault maps used:
D:1:      evilmike_arrival_plus, st_stairs_7, serial_bayou_pond_c
D:2:      grunt_dithmenos_smoke_and_mirrors
D:3:      lemuel_crystal_altar, nicolae_tso_carved_into_rock

Skill      XL: |  1  2  3 |
---------------+----------+-----
Dodging        | 2 |  2.2
Fighting       | 3 |  3.0
Bows           | |  5.9
Armour         | |  0.1
Stealth        | |  0.5

Action                   |  1- 3 |  4- 6 || total
-------------------------+-------+-------++-------
Melee: Short sword       |   181 |    51 ||   232
       Kick              |    26 |     4 ||    30
 Fire: Shortbow          |    16 |       ||    16
  Use: Potion            |     2 |     4 ||     6
       Scroll            |     3 |     1 ||     4
  Eat: Chunk             |     1 |     3 ||     4
Armor: Leather armour    |   108 |    40 ||   148
Dodge: Dodged            |   122 |    54 ||   176
